TOP OF THE 1ST |
Albuquerque Isotopes batting - Pitching for Gwinnett Braves : RHP Jeff Olech
|
Pitching: RHP Jeff Olech
|
|
Batting: SHB Jamel Wright
|
0-0: Called Strike 0-1: Ball 1-1: Swinging Strike 1-2: Foul Ball, location: 2F 1-2: Ball 2-2: Fly out, F2 (Popup, 25F, EV 75.0 MPH)
|
Batting: RHB Hector Silva
|
0-0: Ball 1-0: Ground out 6-3 (Groundball, 6, EV 83.1 MPH)
|
Batting: SHB Orlando Torres
|
0-0: Ground out 5-3 (Groundball, 56, EV 101.9 MPH)
|
Top of the 1st over - 0 runs, 0 hits, 0 errors, 0 left on base; Albuquerque 0 - Gwinnett 0 |
BOTTOM OF THE 1ST |
Gwinnett Braves batting - Pitching for Albuquerque Isotopes : RHP Alberto Pickett
|
Pitching: RHP Alberto Pickett
|
|
Batting: RHB Jeremy Giesler
|
0-0: Bunted foul 0-1: Fly out, F8 (Flyball, 8RM, EV 79.4 MPH)
|
Batting: RHB Alex Munoz
|
0-0: Called Strike 0-1: Fly out, F7 (Flyball, 7S, EV 75.6 MPH)
|
Batting: RHB Muneer Maudad
|
0-0: Called Strike 0-1: Ball 1-1: Fly out, F8 (Flyball, 89XD, EV 100.0 MPH)
|
Bottom of the 1st over - 0 runs, 0 hits, 0 errors, 0 left on base; Albuquerque 0 - Gwinnett 0 |
TOP OF THE 2ND |
Albuquerque Isotopes batting - Pitching for Gwinnett Braves : RHP Jeff Olech
|
Batting: RHB Chris King
|
0-0: Called Strike 0-1: Ball 1-1: Ball 2-1: Ground out 6-3 (Groundball, 56, EV 101.2 MPH)
|
Batting: LHB Adam Hill
|
0-0: Swinging Strike 0-1: Foul Ball, location: 2F 0-2: Ball 1-2: Strikes out swinging
|
Batting: RHB Herb McIntyre
|
0-0: Ball 1-0: Called Strike 1-1: Ball 2-1: Ball 3-1: Ground out 6-3 (Groundball, 6, EV 78.8 MPH)
|
Top of the 2nd over - 0 runs, 0 hits, 0 errors, 0 left on base; Albuquerque 0 - Gwinnett 0 |
BOTTOM OF THE 2ND |
Gwinnett Braves batting - Pitching for Albuquerque Isotopes : RHP Alberto Pickett
|
Batting: LHB Mark Buchholz
|
0-0: Called Strike 0-1: Ball 1-1: Ball 2-1: Ball 3-1: DOUBLE (Groundball, 3L, EV 102.5 MPH)
|
Batting: SHB Brian Bagley
|
0-0: Called Strike 0-1: Swinging Strike 0-2: Strikes out looking
|
Batting: LHB Chad Persaud
|
0-0: Ball 1-0: Ball Wild Pitch! Mark Buchholz to third 2-0: Foul Ball, location: 2F 2-1: Ground out U3 (Groundball, 3, EV 77.5 MPH)
|
Batting: RHB Nate Taylor
|
0-0: Fly out, F9 (Flyball, 9D, EV 101.9 MPH)
|
Bottom of the 2nd over - 0 runs, 1 hit, 0 errors, 1 left on base; Albuquerque 0 - Gwinnett 0 |
TOP OF THE 3RD |
Albuquerque Isotopes batting - Pitching for Gwinnett Braves : RHP Jeff Olech
|
Batting: SHB D.J. Codd
|
0-0: Foul Ball, location: 2F 0-1: Ball 1-1: Ball 2-1: Ball 3-1: Foul Ball, location: 2F 3-2: Strikes out looking
|
Batting: RHB Jerry Sanchez
|
0-0: Ball 1-0: Called Strike 1-1: Foul Ball, location: 2F 1-2: Fly out, F8 (Flyball, 8LS, EV 90.0 MPH)
|
Batting: RHB Vinny Estrada
|
0-0: Called Strike 0-1: Ball 1-1: Called Strike 1-2: SINGLE (Groundball, 56D, EV 102.5 MPH)
|
Batting: SHB Jamel Wright
|
Pickoff Throw to First - Error! E1 Vinny Estrada to second 0-0: Ground out 4-3 (Groundball, 4, EV 92.5 MPH)
|
Top of the 3rd over - 0 runs, 1 hit, 1 error, 1 left on base; Albuquerque 0 - Gwinnett 0 |
BOTTOM OF THE 3RD |
Gwinnett Braves batting - Pitching for Albuquerque Isotopes : RHP Alberto Pickett
|
Batting: RHB Riley Nasiir
|
0-0: Ground out 1-3 (Groundball, 13S, EV 72.5 MPH)
|
Batting: SHB Eric Reeser
|
0-0: Called Strike 0-1: Ball 1-1: Called Strike 1-2: Ball 2-2: Strikes out swinging
|
Batting: RHB Jeremy Giesler
|
0-0: Ball 1-0: Called Strike 1-1: Ball 2-1: SINGLE (Groundball, 34, EV 78.1 MPH) (infield hit)
|
Batting: RHB Alex Munoz
|
0-0: Called Strike Jeremy Giesler steals 2nd base 0-1: Ball 1-1: Ball 2-1: Called Strike 2-2: Fly out, F9 (Line Drive, 9, EV 92.5 MPH)
|
Bottom of the 3rd over - 0 runs, 1 hit, 0 errors, 1 left on base; Albuquerque 0 - Gwinnett 0 |
TOP OF THE 4TH |
Albuquerque Isotopes batting - Pitching for Gwinnett Braves : RHP Jeff Olech
|
Batting: RHB Hector Silva
|
0-0: Ground out 6-3 (Groundball, 6, EV 105.6 MPH)
|
Batting: SHB Orlando Torres
|
0-0: Ball 1-0: Ball 2-0: Fly out, F9 (Flyball, 9, EV 88.1 MPH)
|
Batting: RHB Chris King
|
0-0: Swinging Strike 0-1: Ball 1-1: Swinging Strike 1-2: Ball 2-2: Foul Ball, location: 2F 2-2: Ball 3-2: Base on Balls
|
Batting: LHB Adam Hill
|
0-0: Called Strike 0-1: Foul Ball, location: 2F 0-2: Foul Ball, location: 2F 0-2: Ball 1-2: Foul Ball, location: 2F 1-2: Fly out, F8 (Flyball, 8RD, EV 100.0 MPH)
|
Top of the 4th over - 0 runs, 0 hits, 0 errors, 1 left on base; Albuquerque 0 - Gwinnett 0 |
BOTTOM OF THE 4TH |
Gwinnett Braves batting - Pitching for Albuquerque Isotopes : RHP Alberto Pickett
|
Batting: RHB Muneer Maudad
|
0-0: Foul Ball, location: 2F 0-1: Ball 1-1: Called Strike 1-2: Ball 2-2: Foul Ball, location: 2F 2-2: Ball 3-2: Base on Balls
|
Batting: LHB Mark Buchholz
|
0-0: Ball 1-0: Ball 2-0: Ball 3-0: Base on Balls Muneer Maudad to second
|
Batting: SHB Brian Bagley
|
0-0: Ball 1-0: Swinging Strike 1-1: Foul Ball, location: 2F 1-2: Ball 2-2: Foul Ball, location: 2F 2-2: Ball 3-2: Base on Balls Muneer Maudad to third Mark Buchholz to second
|
Batting: LHB Chad Persaud
|
0-0: Ball 1-0: Grounds into double play, 5-4-3 (Groundball, 56, EV 103.8 MPH) Muneer Maudad scores Mark Buchholz to third
|
Batting: RHB Nate Taylor
|
0-0: Foul Ball, location: 2F 0-1: Foul Ball, location: 2F 0-2: Ball 1-2: SINGLE (Groundball, 25, EV 65.6 MPH) (infield hit) Mark Buchholz scores
|
Batting: RHB Riley Nasiir
|
0-0: Called Strike Nate Taylor steals 2nd, throwing error, E2 Nate Taylor to third 0-1: Ball 1-1: Ball 2-1: Foul Ball, location: 2F 2-2: Foul Ball, location: 2F 2-2: Strikes out looking
|
Bottom of the 4th over - 2 runs, 1 hit, 1 error, 1 left on base; Albuquerque 0 - Gwinnett 2 |
TOP OF THE 5TH |
Albuquerque Isotopes batting - Pitching for Gwinnett Braves : RHP Jeff Olech
|
Batting: RHB Herb McIntyre
|
0-0: Called Strike 0-1: Ball 1-1: Ball 2-1: Swinging Strike 2-2: Strikes out swinging
|
Batting: SHB D.J. Codd
|
0-0: Ground out 4-3 (Groundball, 4, EV 86.2 MPH)
|
Batting: RHB Jerry Sanchez
|
0-0: Called Strike 0-1: Ball 1-1: Fly out, F9 (Line Drive, 9S, EV 93.1 MPH)
|
Top of the 5th over - 0 runs, 0 hits, 0 errors, 0 left on base; Albuquerque 0 - Gwinnett 2 |
BOTTOM OF THE 5TH |
Gwinnett Braves batting - Pitching for Albuquerque Isotopes : RHP Alberto Pickett
|
Batting: SHB Eric Reeser
|
0-0: Ball 1-0: Called Strike 1-1: DOUBLE (Line Drive, 5D, EV 96.9 MPH)
|
Batting: RHB Jeremy Giesler
|
0-0: Ball 1-0: Ground out 5-3 (Groundball, 56S, EV 81.9 MPH)
|
Batting: RHB Alex Munoz
|
0-0: Swinging Strike 0-1: Ball 1-1: Ball 2-1: Ball 3-1: SINGLE (Line Drive, 34D, EV 105.0 MPH) Eric Reeser to third
|
Batting: RHB Muneer Maudad
|
0-0: SINGLE (Flyball, 8LS, EV 96.9 MPH) Eric Reeser scores Alex Munoz to second Runner from 2nd tries for 3rd, SAFE, throw by CF made to third
|
Batting: LHB Mark Buchholz
|
0-0: Ball 1-0: Called Strike 1-1: Ball 2-1: Ball 3-1: Foul Ball, location: 2F 3-2: Strikes out looking
|
Batting: SHB Brian Bagley
|
0-0: Ball 1-0: 3-RUN HOME RUN (Flyball, 7LD, EV 95.0 MPH), Distance : 351 ft
|
Pitching: RHP Sam Alexander
|
|
Batting: LHB Chad Persaud
|
0-0: Fly out, F7 (Flyball, 7, EV 90.0 MPH)
|
Bottom of the 5th over - 4 runs, 4 hits, 0 errors, 0 left on base; Albuquerque 0 - Gwinnett 6 |
TOP OF THE 6TH |
Albuquerque Isotopes batting - Pitching for Gwinnett Braves : RHP Jeff Olech
|
Batting: RHB Vinny Estrada
|
0-0: SINGLE (Groundball, 34S, EV 87.5 MPH) (infield hit)
|
Batting: SHB Jamel Wright
|
Pickoff Play to 1st, Runner tries for 2nd, OUT after rundown. 0-0: Ball 1-0: Swinging Strike 1-1: Called Strike 1-2: Fly out, F3 (Popup, 3F, EV 78.8 MPH)
|
Batting: RHB Hector Silva
|
0-0: SINGLE (Line Drive, 9S, EV 91.2 MPH)
|
Batting: SHB Orlando Torres
|
0-0: Called Strike Hector Silva steals 2nd base 0-1: Ground out 4-3 (Groundball, 4, EV 86.2 MPH)
|
Top of the 6th over - 0 runs, 2 hits, 0 errors, 1 left on base; Albuquerque 0 - Gwinnett 6 |
BOTTOM OF THE 6TH |
Gwinnett Braves batting - Pitching for Albuquerque Isotopes : RHP Sam Alexander
|
Batting: RHB Nate Taylor
|
0-0: Ball 1-0: Ground out 4-3 (Groundball, 4M, EV 107.5 MPH)
|
Batting: RHB Riley Nasiir
|
0-0: Ground out 3-1 (Groundball, 34, EV 100.0 MPH)
|
Batting: SHB Eric Reeser
|
0-0: Swinging Strike 0-1: Foul Ball, location: 2F 0-2: Ball 1-2: Ball 2-2: Ball 3-2: Strikes out swinging
|
Bottom of the 6th over - 0 runs, 0 hits, 0 errors, 0 left on base; Albuquerque 0 - Gwinnett 6 |
TOP OF THE 7TH |
Albuquerque Isotopes batting - Pitching for Gwinnett Braves : RHP Jeff Olech
|
Batting: RHB Chris King
|
0-0: Ball 1-0: Ball 2-0: Ball 3-0: Reached on error, E4 (Groundball, 4, EV 104.4 MPH)
|
Batting: LHB Adam Hill
|
0-0: Ball 1-0: Ball 2-0: Fielders Choice at 2nd, 6-4 (Groundball, 6, EV 81.9 MPH)
|
Batting: RHB Herb McIntyre
|
0-0: Ball 1-0: SINGLE (Groundball, 4MD, EV 96.2 MPH) Adam Hill to second
|
Batting: SHB D.J. Codd
|
0-0: Foul Ball, location: 2F 0-1: Swinging Strike 0-2: Ball 1-2: Strikes out swinging
|
Batting: RHB Jerry Sanchez
|
0-0: Foul Ball, location: 2F 0-1: Foul Ball, location: 2F 0-2: Foul Ball, location: 2F 0-2: Ball 1-2: Foul Ball, location: 2F 1-2: Fly out, F9 (Flyball, 89M, EV 87.5 MPH)
|
Top of the 7th over - 0 runs, 1 hit, 1 error, 2 left on base; Albuquerque 0 - Gwinnett 6 |
BOTTOM OF THE 7TH |
Gwinnett Braves batting - Pitching for Albuquerque Isotopes : RHP Sam Alexander
|
Batting: RHB Jeremy Giesler
|
0-0: Ball 1-0: Ground out 5-3 (Groundball, 56S, EV 85.6 MPH)
|
Batting: RHB Alex Munoz
|
0-0: Ball 1-0: Called Strike 1-1: Ball 2-1: Fly out, F8 (Flyball, 8RD, EV 88.8 MPH)
|
Batting: RHB Muneer Maudad
|
0-0: Called Strike 0-1: Ball 1-1: Ball 2-1: Ball 3-1: Fly out, F9 (Flyball, 9LMF, EV 85.6 MPH)
|
Bottom of the 7th over - 0 runs, 0 hits, 0 errors, 0 left on base; Albuquerque 0 - Gwinnett 6 |
TOP OF THE 8TH |
Albuquerque Isotopes batting - Pitching for Gwinnett Braves : RHP Jeff Olech
|
Batting: RHB Vinny Estrada
|
0-0: Ball 1-0: Foul Ball, location: 2F 1-1: Ball 2-1: Foul Ball, location: 2F 2-2: Foul Ball, location: 2F 2-2: Fly out, F7 (Flyball, 7LSF, EV 78.8 MPH)
|
Batting: SHB Jamel Wright
|
0-0: Called Strike 0-1: Foul Ball, location: 2F 0-2: Ball 1-2: Ball 2-2: Ball 3-2: Foul Ball, location: 2F 3-2: SOLO HOME RUN (Flyball, 9D, EV 98.8 MPH), Distance : 382 ft
|
Batting: RHB Hector Silva
|
0-0: Fly out, F7 (Flyball, 7LS, EV 89.4 MPH)
|
Batting: SHB Orlando Torres
|
0-0: Ball 1-0: Ball 2-0: Ball 3-0: Base on Balls
|
Pitching: RHP Steve Dripps
|
|
Batting: RHB Chris King
|
0-0: Called Strike 0-1: Ball 1-1: Ball 2-1: Ball 3-1: Foul Ball, location: 2F 3-2: Fly out, F9 (Flyball, 9LS, EV 88.1 MPH)
|
Top of the 8th over - 1 run, 1 hit, 0 errors, 1 left on base; Albuquerque 1 - Gwinnett 6 |
BOTTOM OF THE 8TH |
Gwinnett Braves batting - Pitching for Albuquerque Isotopes : RHP Sam Alexander
|
Batting: LHB Mark Buchholz
|
0-0: Ball 1-0: Ball 2-0: Called Strike 2-1: Called Strike 2-2: Strikes out swinging
|
Batting: SHB Brian Bagley
|
0-0: Ball 1-0: Ground out 6-3 (Groundball, 6, EV 84.4 MPH)
|
Batting: LHB Chad Persaud
|
0-0: Ball 1-0: Ball 2-0: SINGLE (Groundball, 6MS, EV 65.0 MPH) (infield hit)
|
Batting: RHB Nate Taylor
|
0-0: Called Strike 0-1: Foul Ball, location: 2F 0-2: Foul Ball, location: 2F 0-2: Foul Ball, location: 2F 0-2: Fielders Choice at 2nd, 6-4 (Groundball, 6, EV 85.0 MPH)
|
Bottom of the 8th over - 0 runs, 1 hit, 0 errors, 1 left on base; Albuquerque 1 - Gwinnett 6 |
TOP OF THE 9TH |
Albuquerque Isotopes batting - Pitching for Gwinnett Braves : RHP Steve Dripps
|
Batting: LHB Adam Hill
|
0-0: Called Strike 0-1: Ball 1-1: Foul Ball, location: 2F 1-2: Fly out, F7 (Flyball, 78M, EV 87.5 MPH)
|
Batting: RHB Herb McIntyre
|
0-0: Swinging Strike 0-1: Foul Ball, location: 2F 0-2: Foul Ball, location: 2F 0-2: Ball 1-2: Ball 2-2: Ball 3-2: Ground out 4-3 (Groundball, 4, EV 107.5 MPH)
|
Batting: SHB D.J. Codd
|
0-0: Called Strike 0-1: Swinging Strike 0-2: Foul Ball, location: 2F 0-2: Foul Ball, location: 2F 0-2: Strikes out swinging
|
Top of the 9th over - 0 runs, 0 hits, 0 errors, 0 left on base; Albuquerque 1 - Gwinnett 6 |
|